 Dungeon Crawl Stone Soup version 0.24-a0-7-g1bb0902 (webtiles) character file.

Game seed: 15900614282039252170

984 Lavandula the Slinger (level 8, -12/47 HPs)
             Began as a Halfling Arcane Marksman on Jan 30, 2019.
             Was an Initiate of Ashenzari.
             Mangled by an orc knight
             ... wielding a +0 broad axe
              (18 damage)
             ... in a bailey.
             The game lasted 00:13:59 (2780 turns).

Lavandula the Slinger (Halfling Arcane Marksman)    Turns: 2780, Time: 00:14:05

Health: -12/47     AC:  6    Str: 13    XL:     8   Next: 40%
Magic:  8/9        EV: 15    Int: 11    God:    Ashenzari [......]
Gold:   182        SH:  0    Dex: 15    Spells: 8/9 levels left

rFire    . . .     SeeInvis .   t - +3 quarterstaff (chaos)
rCold    . . .     Gourm    .   (shield currently unavailable)
rNeg     . . .     Faith    .   y - +3 robe of the Fifty Lovers {+Fly rCorr}
rPois    .         Spirit   .   (no helmet)
rElec    .         Reflect  .   u - +0 cloak
rCorr    +         Harm     .   (no gloves)
MR       .....                  (no boots)
Stlth    +.........             h - amulet of the acrobat
HPRegen  0.15/turn              (no ring)
MPRegen  0.11/turn              (no ring)

@: flying
A: small, mutation resistance 1
a: Curse Item, Renounce Religion, Stop Flying


You were in a bailey.
You worshipped Ashenzari.
Ashenzari was noncommittal.
You were not hungry.

You visited 1 branch of the dungeon, and saw 7 of its levels.
You also visited: Bailey.

You collected 182 gold pieces.

Inventory:

Hand Weapons
 a - a +0 hunting sling
 k - a +0 falchion
 n - a +1 whip of flaming
 t - a +3 quarterstaff of chaos (weapon)
 v - a +2 hand axe of flaming
Missiles
 d - 10 sling bullets
 j - 16 tomahawks of returning (quivered)
Armour
 i - a +0 ring mail
 u - a +0 cloak (worn)
 x - a +0 hat
 y - the +3 robe of the Fifty Lovers (worn) {+Fly rCorr}
   (You took it off a kobold in a bailey)

   It lets you fly.
   It provides partial protection from all sources of acid and corrosion.
Jewellery
 h - an amulet of the acrobat (around neck)
Wands
 s - a wand of flame (16)
Scrolls
 b - a scroll of fear {unknown}
 c - 2 scrolls of identify {unknown}
 g - a scroll of magic mapping {unknown}
 l - a scroll of fog {unknown}
 o - a scroll of enchant armour {unknown}
 p - 2 scrolls of blinking {unknown}
Potions
 m - 2 potions of curing {unknown}
 q - 3 potions of degeneration {unknown}
 r - a potion of magic {unknown}
 w - 4 potions of flight
Comestibles
 f - 6 rations


   Skills:
 - Level 0.8 Fighting
 + Level 5.8 Staves
 - Level 8.8 Slings
 - Level 2.1 Dodging
 - Level 1.0 Spellcasting
 - Level 2.4 Hexes


You had 8 spell levels left.
You knew the following spells:

 Your Spells              Type           Power        Failure   Level  Hunger
a - Corona                Hex            #......      12%         1    ##.....

Your spell library contained the following spells:

 Spells                   Type           Power        Failure   Level  Hunger
 Slow                     Hex            #.......     19%         2    ###....
 Inner Flame              Hex/Fire       #.......     52%         3    ####...
 Portal Projectile        Hex/Tloc       #.....       52%         3    ####...
 Cause Fear               Hex            #.........   77%         4    #####..
 Leda's Liquefaction      Hex/Erth       #.........   89%         4    #####..


Dungeon Overview and Level Annotations

Branches:
Dungeon (7/15)
 Temple: D:4-7

Altars:
Ashenzari
Cheibriados
Fedhas
Kikubaaqudgha


Innate Abilities, Weirdness & Mutations

You are small and have problems with some larger weapons.
You are somewhat resistant to further mutation.


Message History

You fly up into the air.
You feel somewhat more hungry.
Okay, then.
The orc knight completely misses you.
You closely miss the orc knight.
The orc knight hits you with a +0 broad axe!
You hit the orc knight but do no damage.
The orc knight suddenly stops moving!
The helpless orc knight fails to defend itself.
You hit the orc knight but do no damage.
The helpless orc knight fails to defend itself.
You sock the orc knight!
Nothing appears to happen.
The orc knight is lightly wounded.
The helpless orc knight fails to defend itself.
You thump the orc knight!
The orc knight is moderately wounded.
The orc knight is no longer paralysed.
The orc knight hits you with a +0 broad axe!!
* * * LOW HITPOINT WARNING * * *
The orc knight hits you with a +0 broad axe!!
You die...

##......... #...(..(((
....⌠.() .....((# ..#
#######.(.((# '..### ##
≈≈≈≈≈#..((((###...^ ... .#
≈≈≈≈≈≈≈≈≈))((.#..####'####
.#
#≈≈≈≈≈≈≈≈≈≈o####.Kog...####
###....≈≈≈@≈≈≈∩#.ooo...#∩≈≈
##......≈≈≈≈≈#########≈≈≈
##........≈≈≈≈≈≈≈≈≈≈≈≈≈
###.......[†≈≈≈≈≈≈≈≈#
####.............#
####......∩..##
###.......## ####.....##
####...##


You could see an orc knight.

Vanquished Creatures
  Eustachio (D:6)
  An orc warrior (Bailey)
  A black bear (D:6)
  2 ogres (D:5)
  A centaur (D:6)
  Blork the orc (D:6)
  A scorpion (D:6)
  A howler monkey (D:6)
  Crazy Yiuf (D:4)
  An orc wizard (D:5)
  A worker ant (D:5)
  2 hound zombies
  A hound skeleton (D:5)
  A mummy (D:4)
  2 gnolls (Bailey)
  An adder (D:2)
  A shadow imp (D:6)
  2 worms (D:2)
  3 leopard geckos
  8 orcs
  2 bats
  2 giant cockroaches
  5 goblins
  6 hobgoblins
  3 jackals (D:2)
  5 quokkas
  5 frilled lizards
  14 kobolds
  3 rats
78 creatures vanquished.

Notes
Turn   | Place    | Note
-------+----------+-------------------------------------------
     0 | D:1      | Lavandula the Halfling Arcane Marksman began the quest for
                  | the Orb.
     0 | D:1      | Reached XP level 1. HP: 12/12 MP: 2/2
   113 | D:1      | Reached XP level 2. HP: 18/18 MP: 3/3
   115 | D:1      | Reached skill level 4 in Slings
   364 | D:2      | Found an ancient bone altar of Kikubaaqudgha.
   478 | D:2      | Reached skill level 5 in Slings
   478 | D:2      | Reached XP level 3. HP: 21/22 MP: 4/4
   622 | D:4      | Found a blossoming altar of Fedhas.
   710 | D:3      | Reached XP level 4. HP: 27/27 MP: 5/5
   864 | D:4      | Reached skill level 6 in Slings
   878 | D:4      | Found a sand-covered staircase.
  1010 | D:5      | Entered Level 5 of the Dungeon
  1057 | D:5      | Found a shattered altar of Ashenzari.
  1064 | D:5      | Became a worshipper of Ashenzari the Shackled
  1125 | D:5      | Noticed an ogre
  1133 | D:5      | Killed an ogre
  1133 | D:5      | Reached skill level 8 in Slings
  1133 | D:5      | Reached XP level 5. HP: 32/32 MP: 6/6
  1162 | D:5      | Reached XP level 6. HP: 37/37 MP: 7/7
  1195 | D:5      | Noticed an ogre
  1344 | D:4      | Found a runed translucent door.
  1345 | D:4      | Noticed Crazy Yiuf
  1483 | D:4      | Killed Crazy Yiuf
  1726 | D:5      | Noticed an ogre
  1734 | D:5      | Killed an ogre
  1816 | D:6      | Noticed Eustachio
  1831 | D:6      | Killed Eustachio
  1831 | D:6      | Reached XP level 7. HP: 32/42 MP: 8/8
  2014 | D:6      | Reached XP level 8. HP: 27/47 MP: 9/9
  2065 | D:6      | Noticed Blork the orc
  2076 | D:6      | Killed Blork the orc
  2076 | D:6      | Reached skill level 5 in Staves
  2081 | D:6      | Found a snail-covered altar of Cheibriados.
  2189 | D:7      | Found a flagged portal.
  2199 | Bailey   | Entered a bailey
  2217 | Bailey   | Noticed an orc knight
  2234 | Bailey   | Noticed an orc knight
  2574 | Bailey   | Identified the +3 robe of the Fifty Lovers {+Fly rCorr}
  2780 | Bailey   | Mangled by an orc knight

Vault maps used:
D:1:      eino_arrival_water_star, minmay_pentomino_t4
D:2:      lemuel_round_altar, uniq_robin, uniq_terence
D:3:      nicolae_tso_swordbearing_angel, first_ration, uniq_jessica
D:4:      gup_ossuary_entry_pyramid, chequers_jeans, corexii_shack, minivault_4,
          fedhas_altar_3, uniq_crazy_yiuf_cottage
D:5:      serial_shops, kennysheep_little_box, cheibrodos_ashenzari_chains,
          uniq_ijyb
D:6:      nicolae_overflow_hidden_temple, kennysheep_mini_moat, uniq_eustachio,
          uniq_blork_the_orc
D:7:      cheibrodos_helix_gallery, grunt_temple_overflow_gold_and_silver,
          minmay_temple_entry_sparse_star, enter_bailey_2, serial_shops,
          nicolae_shop_waterfront, grunt_livestock, kennysheep_generic_room_7
Bailey:   bailey_axe_4, bailey

Skill      XL: |  1  2  3  4  5  6  7  8 |
---------------+-------------------------+-----
Slings         | 5 8 |  8.8
Staves         | 3 4 5 |  5.8
Fighting       | |  0.8
Dodging        | |  2.1
Spellcasting   | |  1.0
Hexes          | |  2.4

Action                   |  1- 3 |  4- 6 |  7- 9 || total
-------------------------+-------+-------+-------++-------
Melee: Quarterstaff      |       |     8 |    79 ||    87
 Fire: Hunting sling     |   114 |    95 |   116 ||   325
 Abil: Evoke Flight      |       |       |     1 ||     1
Evoke: Wand              |       |       |     7 ||     7
  Use: Potion            |     1 |       |     2 ||     3
 Stab: Petrified         |       |       |     5 ||     5
       Paralysed         |       |       |     3 ||     3
  Eat: Chunk             |       |     2 |     2 ||     4
       Ration            |       |       |     1 ||     1
Armor: Ring mail         |     5 |     9 |    27 ||    41
       Robe              |     2 |       |       ||     2
Dodge: Dodged            |    27 |    19 |   101 ||   147

Table legend:
 A = Non-vault XP
 B = Vault XP
 C = Vault XP percentage of total XP
 D = Non-vault monster count
 E = Vault monster count
 F = Vault count percentage of total count
                 A         B        C        D         E       F
            +---------+---------+-------+---------+---------+-------
      Total |     852 |     554 |  39.4 |      53 |      25 |  32.1
            +---------+---------+-------+---------+---------+-------
        D:1 |      14 |       7 |  33.3 |       9 |       4 |  30.8
        D:2 |      40 |       0 |   0.0 |      14 |       0 |   0.0
        D:3 |       7 |       0 |   0.0 |       3 |       0 |   0.0
        D:4 |      12 |      60 |  83.3 |       5 |       3 |  37.5
        D:5 |     376 |       0 |   0.0 |      12 |       0 |   0.0
        D:6 |     381 |     308 |  44.7 |       8 |       2 |  20.0
        D:7 |      22 |       0 |   0.0 |       2 |       0 |   0.0
     Bailey |       0 |     179 | 100.0 |       0 |      16 | 100.0
            +---------+---------+-------+---------+---------+-------
